 Dungeon Crawl Stone Soup version 0.24.0-13-gcf9b319 (webtiles) character file.

Game seed: 2599401952038003527, levelgen mode: deterministic

97 Bronimir the Ruffian (level 4, 0/38 HPs)
             Began as a Naga Transmuter on Mar 8, 2020.
             Slain by Crazy Yiuf
             ... wielding a +4 quarterstaff of chaos
              (2 damage)
             ... on level 2 of the Dungeon.
             The game lasted 00:09:34 (2320 turns).

Bronimir the Ruffian (Naga Transmuter)              Turns: 2320, Time: 00:09:34

Health: 0/38       AC:  4    Str: 13    XL:     4   Next: 68%
Magic:  1/7        EV:  9    Int: 14    God:
Gold:   58         SH:  0    Dex: 11    Spells: 1/7 levels left

rFire    . . .     SeeInvis +     - Unarmed
rCold    . . .     Gourm    .   (no shield)
rNeg     . . .     Faith    .   q - +0 leather armour
rPois    +         Spirit   .   (no helmet)
rElec    .         Reflect  .   (no cloak)
rCorr    .         Harm     .   l - +0 pair of gloves
MR       .....                  (no barding)
Stlth    +.........             (no amulet)
HPRegen  0.12/turn              c - ring of poison resistance
MPRegen  0.10/turn              (no ring)

@: lethally poisoned (0 -> -4), short of breath, very slow
A: large, see invisible, deformed body, poison resistance, slowness 2, slow
metabolism 1, spit poison 1, AC +1
a: Spit Poison


You were on level 2 of the Dungeon.
You were very hungry.

You visited 1 branch of the dungeon, and saw 2 of its levels.

You collected 58 gold pieces.

Inventory:

Hand Weapons
 b - a +0 hunting sling
 m - a +0 spear
 p - a +0 glaive
Missiles
 a - 27 arrows
 f - 39 bolts
 h - 17 poisoned darts (quivered)
 i - 60 stones
 o - 17 sling bullets
Armour
 l - a +0 pair of gloves (worn)
 q - a +0 leather armour (worn)
 r - a +0 helmet
 s - a +0 robe
 v - a +0 ring mail
Jewellery
 c - a ring of poison resistance (left hand)
 t - an uncursed ring of protection from cold {unknown}
Scrolls
 e - 2 scrolls of identify {unknown}
 j - 2 scrolls of teleportation {unknown}
 k - 2 scrolls of remove curse {unknown}
 u - a scroll of fog {unknown}
Potions
 g - a potion of flight {unknown}
 n - a potion of heal wounds
Comestibles
 d - 2 rations


   Skills:
 + Level 1.1 Fighting
 * Level 1.1 Armour
 + Level 2.0 Dodging
 * Level 3.6 Unarmed Combat
 + Level 2.3 Spellcasting
 * Level 2.8 Transmutations
 * Level 1.3 Poison Magic


You had one spell level left.
You knew the following spells:

 Your Spells              Type           Power        Failure   Level  Hunger
a - Beastly Appendage     Tmut           #.....       9%          1    #......
b - Sticks to Snakes      Tmut           #.......     14%         2    ###....
c - Spider Form           Tmut/Pois      #.........   36%         3    ###....

Your spell library contained the following spells:

 Spells                   Type           Power        Failure   Level  Hunger
 Ice Form                 Ice/Tmut       #.......     85%         4    #####..
 Blade Hands              Tmut           #.........   94%         5    ######.


Dungeon Overview and Level Annotations

Branches:
Dungeon (2/15)

Altars:

Annotations:
D:2 Crazy Yiuf


Innate Abilities, Weirdness & Mutations

You cannot wear boots.
Your serpentine skin is tough. (AC +1)
You have supernaturally acute eyesight. (SInv)
Armour fits poorly on your strangely shaped body.
Your system is resistant to poisons. (rPois)
You cover ground very slowly.
You have a slow metabolism.
You can spit poison.


Message History

Your horns disappear.
Crazy Yiuf barely misses you.
You hit Crazy Yiuf.
Crazy Yiuf is heavily wounded.
Crazy Yiuf hits you with a +4 quarterstaff of chaos.
* * * LOW HITPOINT WARNING * * *
You are poisoned.
You closely miss Crazy Yiuf.
Crazy Yiuf is heavily wounded.
You feel sick.
Crazy Yiuf whimpers, "Paint ena down!"
Crazy Yiuf drinks a potion.
Crazy Yiuf is healed!
Press: ? - help, Shift-Dir - straight line, f/p - Crazy Yiuf
Aim: Crazy Yiuf, wielding a +4 quarterstaff of chaos and wearing a +1 cloak of invisibility The splash of poison hits Crazy Yiuf but does no damage.
Crazy Yiuf is poisoned.
You feel slightly more hungry.
Crazy Yiuf hits you with a +4 quarterstaff of chaos.
* * * LOW HITPOINT WARNING * * *
Crazy Yiuf burns you.
You die...

#.#### ♣♣g♣ #.#. #.####
♣.♣♣ #######.#. #....#
♣♣.♣ #.......#. ######
♣♣.♣♣ #.#######. ♣♣.P.♣
#.#######. ♣P.PP♣
#.##...##. ##..##
#>##...##. ########.g..#
##.....<...
#...#.#.@..####.#........
#.##.##...## #.##........
#.#####.### ##.#.#...##.
#.# #.# ##.##...##. #.#
#.# #####.##.. #.# #.#
####.##.. #.#
#.#########........
#.#####...........##.###.
#...........#.##..##.# #.


You could see Crazy Yiuf.

Vanquished Creatures
  Robin (D:2)
  2 adders (D:2)
  2 dart slugs (D:2)
  3 leopard geckos (D:1)
  3 orcs (D:2)
  A giant cockroach (D:2)
  12 goblins
  5 hobgoblins
  2 jackals (D:1)
  2 quokkas (D:2)
  6 bats (D:1)
  2 frilled lizards
  5 kobolds
  6 rats
  A fungus (D:2)
53 creatures vanquished.

Vanquished Creatures (collateral kills)
  A hobgoblin (D:2)
  A jackal (D:1)
  A bat (D:1)
  2 goblins (D:2)
5 creatures vanquished.

Grand Total: 58 creatures vanquished

Notes
Turn   | Place    | Note
-------+----------+-------------------------------------------
     0 | D:1      | Bronimir the Naga Transmuter began the quest for the Orb.
     0 | D:1      | Reached XP level 1. HP: 18/18 MP: 3/3
   322 | D:1      | Reached XP level 2. HP: 12/25 MP: 5/5
   622 | D:1      | Learned a level 2 spell: Sticks to Snakes
   723 | D:1      | Reached XP level 3. HP: 24/31 MP: 2/6
  1131 | D:2      | Learned a level 3 spell: Spider Form
  1370 | D:2      | Noticed Robin
  1389 | D:2      | Killed Robin
  1389 | D:2      | Reached XP level 4. HP: 17/38 MP: 1/7
  1393 | D:2      | Reached skill level 1 in Armour
  1720 | D:2      | Reached skill level 1 in Poison Magic
  2291 | D:2      | Found a runed translucent door.
  2292 | D:2      | Noticed Crazy Yiuf
  2320 | D:2      | Slain by Crazy Yiuf

Levels and vault maps discovered:
D:1:      roderic_crop_circles_arrival_small, layout_rooms,
          chequers_serial_rivers_micro_c, minivault_27, minmay_box_of_dots
D:2:      layout_loops_ring, serial_park_tiny_2, bh_walls_and_bars, uniq_robin,
          uniq_crazy_yiuf_cottage

Skill      XL: |  1  2  3  4 |
---------------+-------------+-----
Armour         | 1 |  1.1
Poison Magic   | 1 |  1.3
Dodging        | 2 |  2.0
Fighting       | |  1.1
Unarmed Combat | |  3.6
Spellcasting   | |  2.3
Transmutations | |  2.8

Action                   |  1- 3 |  4- 6 || total
-------------------------+-------+-------++-------
Melee: Unarmed           |    84 |    67 ||   151
       Headbutt          |     3 |     3 ||     6
       Punch             |       |     1 ||     1
Throw: Dart              |     3 |       ||     3
 Cast: Beastly Appendage |    12 |     2 ||    14
       Sticks to Snakes  |     2 |     8 ||    10
 Abil: Spit Poison       |    15 |     9 ||    24
 Stab: Sleeping          |     2 |       ||     2
  Eat: Ration            |     1 |       ||     1
       Chunk             |       |     1 ||     1
Armor: Robe              |    20 |       ||    20
       Leather armour    |     6 |    13 ||    19
Dodge: Dodged            |    77 |    24 ||   101
